 Dungeon Sprint DCSS version 0.26.1-12-g5ba1501909 (webtiles) character file.

Game seed: 9155662641711629831

8500000 CoveEight the Conqueror (level 27, -7/273 HPs)
             Began as a Minotaur Monk on Nov 22, 2021.
             Was the Champion of Makhleb.
             Mangled by a meat berserker
             ... wielding a +9 battleaxe
              (79 damage)
             ... in the Dungeon (Sprint VIII: "Arena of Blood").
             The game lasted 00:02:12 (85 turns).

CoveEight the Conqueror (Minotaur Monk)               Turns: 85, Time: 00:02:14

Health: -7/273     AC:  4    Str: 27    XL:     27
Magic:  33/53      EV: 32    Int:  7    God:    Makhleb [******]
Gold:   0          SH:  0    Dex: 15    Spells: 80/80 levels left

rFire    . . .     SeeInvis .   h - +∞ Axe of Woe
rCold    . . .     Faith    .   (shield currently unavailable)
rNeg     . . .     Spirit   .   a - +0 robe
rPois    .         Reflect  .   (helmet restricted)
rElec    .         Harm     .   (no cloak)
rCorr    .         Rampage  .   (no gloves)
Will     ++...     NoTele   +   (no boots)
Stlth    +++++++++.             (no amulet)
HPRegen  0.55/turn              i - +250 ring of slaying
MPRegen  0.33/turn              (no ring)

@: slowed, very slow
A: retaliatory headbutt, horns 2
a: Renounce Religion, Minor Destruction, Lesser Servant of Makhleb, Major
Destruction, Greater Servant of Makhleb


You were in the Dungeon.
You worshipped Makhleb.
Makhleb was exalted by your worship.
You visited 1 branch

Inventory:

Hand Weapons
 h - the +∞ Axe of Woe (weapon)
   (You found it in the Dungeon)
Armour
 a - a +0 robe (worn)
Jewellery
 i - a +250 ring of slaying (left hand)
Scrolls
 g - a scroll of blinking
Potions
 b - a potion of curing
 c - a potion of heal wounds
 d - a potion of haste
 e - 2 potions of magic
 f - a potion of berserk rage


   Skills:
 O Level 27 Fighting
 O Level 27 Short Blades
 O Level 27 Long Blades
 O Level 27 Axes
 O Level 27 Maces & Flails
 O Level 27 Polearms
 O Level 27 Staves
 O Level 27 Slings
 O Level 27 Bows
 O Level 27 Crossbows
 O Level 27 Throwing
 O Level 27 Armour
 O Level 27 Dodging
 O Level 27 Stealth
 O Level 27 Shields
 O Level 27 Unarmed Combat
 O Level 27 Spellcasting
 O Level 27 Conjurations
 O Level 27 Hexes
 O Level 27 Summonings
 O Level 27 Necromancy
 O Level 27 Translocations
 O Level 27 Transmutations
 O Level 27 Fire Magic
 O Level 27 Ice Magic
 O Level 27 Air Magic
 O Level 27 Earth Magic
 O Level 27 Poison Magic
 O Level 27 Invocations
 O Level 27 Evocations


You had 80 spell levels left.
You didn't know any spells.
Your spell library was empty.

Dungeon Overview and Level Annotations

Branches:
Dungeon (1/1)

Altars:
Makhleb


Innate Abilities, Weirdness & Mutations

You reflexively headbutt those who attack you in melee.
You have a pair of horns on your head.


Message History

Makhleb accepts your kill.
You feel better.
You hear a shout! x5
The dread throws damnation at you.
The sphere of damnation explodes!
The damnation engulfs you!!
You hear a shout! x5
A bag of meat comes into view. It is wielding a +9 war axe.
Unknown command.
Unknown command.
Unknown command.
You are too injured to fight recklessly!
Unknown command.
You hear a shout! x6
The meat berserker rages.
You hear a shout! x14
The meat berserker hits you with a +9 battleaxe!!
* * * LOW HITPOINT WARNING * * *
You hear a shout!
The meat berserker hits you with a +9 battleaxe!!!!
You die...

.o....W.W..
......O{. .
#...o.2.# #..
#...o...#
....###..2. ..###.
.....o.)O###......
#o.....)){).....O
.......#OO)).#..
.......#_@<)_#
.......#..)).#
.#........_......
.........###......
.o..###... ..###.


Vo.. #... ..# #... ..# ..... .. You could see 3 meat berserkers and a bag of
meat.

Vanquished Creatures
  3 hell beasts (D)
  6 royal mummies (D)
  2 wraiths (D)
  Harold (D)
  11 vampire knights (D)
  29 ogres (D)
  4 two-headed ogres (D)
  41 orcs (D)
  A phantom (D)
  5 skeletal warriors (D)
  4 large abominations (D)
  A small abomination (D)
  5 crawling corpses (D)
113 creatures vanquished.

Notes
Turn   | Place    | Note
-------+----------+-------------------------------------------
     0 | D        | Found the +∞ Axe of Woe
     0 | D        | CoveEight the Minotaur Monk began the quest for the Orb.
     0 | D        | Reached XP level 1. HP: 19/19 MP: 0/0
     4 | D        | Became a worshipper of Makhleb the Destroyer
     4 | D        | Reached * piety under Makhleb
     4 | D        | Reached ** piety under Makhleb
     6 | D        | Noticed a meat berserker
     6 | D        | Noticed a bag of meat
     6 | D        | Noticed a bag of meat
     6 | D        | Noticed a bag of meat
     7 | D        | Noticed a bag of meat
     8 | D        | Noticed a bag of meat
     8 | D        | Noticed a meat berserker
     9 | D        | Killed a meat berserker
     9 | D        | Noticed a bag of meat
    10 | D        | Reached XP level 2. HP: 59/59 MP: 1/1
    10 | D        | Reached XP level 3. HP: 66/66 MP: 2/2
    10 | D        | Reached XP level 4. HP: 74/74 MP: 3/3
    10 | D        | Reached XP level 5. HP: 81/81 MP: 4/4
    10 | D        | Reached XP level 6. HP: 90/90 MP: 5/5
    10 | D        | Reached XP level 7. HP: 96/96 MP: 6/6
    10 | D        | Reached XP level 8. HP: 105/105 MP: 7/7
    10 | D        | Reached XP level 9. HP: 112/112 MP: 8/8
    10 | D        | Reached XP level 10. HP: 121/121 MP: 9/9
    10 | D        | Reached XP level 11. HP: 127/127 MP: 10/10
    10 | D        | Reached XP level 12. HP: 136/136 MP: 11/11
    10 | D        | Reached XP level 13. HP: 143/143 MP: 12/12
    11 | D        | Killed a bag of meat
    11 | D        | Killed a bag of meat
    11 | D        | Killed a bag of meat
    11 | D        | Reached *** piety under Makhleb
    11 | D        | Noticed a bag of meat
    11 | D        | Noticed a bag of meat
    11 | D        | Noticed a meat berserker
    12 | D        | Reached XP level 14. HP: 132/162 MP: 13/13
    12 | D        | Killed a bag of meat
    12 | D        | Killed a bag of meat
    12 | D        | Killed a meat berserker
    12 | D        | Reached **** piety under Makhleb
    12 | D        | Noticed a bag of meat
    13 | D        | Reached skill level 27 in Fighting
    13 | D        | Reached skill level 27 in Dodging
    13 | D        | Reached skill level 27 in Unarmed Combat
    13 | D        | Reached XP level 15. HP: 128/174 MP: 14/14
    13 | D        | Reached XP level 16. HP: 135/183 MP: 15/15
    13 | D        | Noticed a meat berserker
    14 | D        | Noticed a meat berserker
    15 | D        | Killed a meat berserker
    16 | D        | Reached skill level 27 in Axes
    16 | D        | Reached XP level 17. HP: 191/191 MP: 16/16
    16 | D        | Killed a meat berserker
    16 | D        | Reached ***** piety under Makhleb
    17 | D        | Reached skill level 27 in Stealth
    17 | D        | Reached XP level 18. HP: 200/200 MP: 17/17
    18 | D        | Killed a meat berserker
    19 | D        | Reached skill level 5 in Long Blades
    19 | D        | Reached skill level 5 in Maces & Flails
    19 | D        | Reached skill level 5 in Polearms
    19 | D        | Reached skill level 5 in Staves
    19 | D        | Reached skill level 5 in Armour
    19 | D        | Reached skill level 5 in Shields
    19 | D        | Noticed a meat berserker
    20 | D        | Noticed a meat berserker
    22 | D        | Reached skill level 5 in Short Blades
    22 | D        | Reached skill level 5 in Slings
    22 | D        | Reached skill level 5 in Bows
    22 | D        | Reached skill level 5 in Crossbows
    22 | D        | Reached skill level 5 in Throwing
    22 | D        | Reached skill level 5 in Invocations
    22 | D        | Killed a meat berserker
    22 | D        | Noticed a meat berserker
    23 | D        | Reached skill level 5 in Conjurations
    23 | D        | Reached skill level 5 in Summonings
    23 | D        | Reached skill level 5 in Necromancy
    23 | D        | Reached skill level 5 in Translocations
    23 | D        | Reached skill level 5 in Transmutations
    23 | D        | Reached skill level 5 in Fire Magic
    23 | D        | Reached skill level 5 in Ice Magic
    23 | D        | Reached skill level 5 in Air Magic
    23 | D        | Reached skill level 5 in Earth Magic
    23 | D        | Reached skill level 5 in Poison Magic
    23 | D        | Reached XP level 19. HP: 207/207 MP: 17/25
    23 | D        | Noticed a destroyer
    23 | D        | Noticed a large bag of meat
    24 | D        | Noticed a meat berserker
    25 | D        | Noticed a destroyer
    26 | D        | Killed a meat berserker
    26 | D        | Noticed The Servant
    27 | D        | Reached skill level 5 in Spellcasting
    27 | D        | Reached skill level 5 in Hexes
    27 | D        | Killed a meat berserker
    28 | D        | Reached skill level 10 in Short Blades
    28 | D        | Reached skill level 10 in Long Blades
    28 | D        | Reached skill level 10 in Maces & Flails
    28 | D        | Reached skill level 10 in Staves
    28 | D        | Reached skill level 10 in Slings
    28 | D        | Reached skill level 10 in Bows
    28 | D        | Reached skill level 10 in Crossbows
    28 | D        | Reached skill level 10 in Armour
    28 | D        | Reached skill level 10 in Shields
    28 | D        | Reached XP level 20. HP: 216/216 MP: 18/28
    28 | D        | Killed a meat berserker
    29 | D        | Reached skill level 10 in Throwing
    29 | D        | Reached skill level 10 in Invocations
    29 | D        | Killed a destroyer
    29 | D        | Reached ****** piety under Makhleb
    30 | D        | Reached skill level 10 in Evocations
    30 | D        | Killed a large bag of meat
    30 | D        | Noticed a destroyer
    31 | D        | Reached skill level 10 in Transmutations
    31 | D        | Reached skill level 10 in Earth Magic
    31 | D        | Reached XP level 21. HP: 183/224 MP: 18/32
    33 | D        | Killed The Servant
    34 | D        | Reached skill level 10 in Spellcasting
    34 | D        | Reached skill level 10 in Hexes
    34 | D        | Reached skill level 10 in Summonings
    34 | D        | Reached skill level 10 in Necromancy
    34 | D        | Reached skill level 10 in Translocations
    34 | D        | Reached skill level 10 in Fire Magic
    34 | D        | Reached skill level 10 in Air Magic
    34 | D        | Reached XP level 22. HP: 216/233 MP: 19/35
    34 | D        | Noticed a large bag of meat
    35 | D        | Reached skill level 15 in Short Blades
    35 | D        | Reached skill level 15 in Slings
    35 | D        | Reached skill level 15 in Bows
    35 | D        | Reached skill level 15 in Crossbows
    35 | D        | Killed a destroyer
    35 | D        | Noticed a destroyer
    36 | D        | Reached skill level 15 in Throwing
    36 | D        | Reached skill level 15 in Invocations
    38 | D        | Reached XP level 23. HP: 240/240 MP: 20/37
    38 | D        | Noticed a destroyer
    39 | D        | Noticed a destroyer
    39 | D        | Killed a destroyer
    40 | D        | Reached skill level 15 in Evocations
    40 | D        | Killed a destroyer
    41 | D        | Reached XP level 24. HP: 249/249 MP: 20/38
    43 | D        | Reached skill level 15 in Transmutations
    43 | D        | Reached skill level 15 in Earth Magic
    43 | D        | Killed a destroyer
    46 | D        | Reached skill level 15 in Conjurations
    46 | D        | Reached skill level 15 in Summonings
    46 | D        | Reached skill level 15 in Necromancy
    46 | D        | Reached skill level 15 in Translocations
    46 | D        | Reached skill level 15 in Fire Magic
    46 | D        | Reached skill level 15 in Ice Magic
    46 | D        | Reached skill level 15 in Air Magic
    46 | D        | Reached skill level 15 in Poison Magic
    46 | D        | Reached XP level 25. HP: 257/257 MP: 21/39
    46 | D        | Noticed a destroyer
    46 | D        | Noticed a destroyer
    47 | D        | Noticed a large bag of meat
    50 | D        | Killed a large bag of meat
    50 | D        | Noticed a large bag of meat
    51 | D        | Reached XP level 26. HP: 207/266 MP: 22/40
    51 | D        | Noticed a destroyer
    52 | D        | Killed a destroyer
    52 | D        | Noticed an accursed
    53 | D        | Reached skill level 15 in Spellcasting
    53 | D        | Reached skill level 15 in Hexes
    53 | D        | Killed a destroyer
    54 | D        | Reached XP level 27. HP: 255/273 MP: 23/42
    54 | D        | Noticed an accursed
    54 | D        | Killed a destroyer
    54 | D        | Killed an accursed
    55 | D        | Noticed an accursed
    55 | D        | Noticed a destroyer
    58 | D        | Reached skill level 27 in Long Blades
    58 | D        | Reached skill level 27 in Maces & Flails
    58 | D        | Reached skill level 27 in Polearms
    58 | D        | Reached skill level 27 in Staves
    58 | D        | Reached skill level 27 in Armour
    58 | D        | Reached skill level 27 in Shields
    58 | D        | Killed a destroyer
    58 | D        | Killed a large bag of meat
    59 | D        | Killed a large bag of meat
    59 | D        | Noticed an accursed
    60 | D        | Noticed a destroyer
    61 | D        | Killed an accursed
    62 | D        | Reached skill level 27 in Short Blades
    62 | D        | Reached skill level 27 in Slings
    62 | D        | Reached skill level 27 in Bows
    62 | D        | Reached skill level 27 in Crossbows
    62 | D        | Killed an accursed
    62 | D        | Noticed an accursed
    63 | D        | Reached skill level 27 in Invocations
    63 | D        | Noticed an accursed
    64 | D        | Reached skill level 27 in Throwing
    64 | D        | Killed a destroyer
    66 | D        | Killed a destroyer
    67 | D        | Noticed a dread
    68 | D        | Reached skill level 27 in Evocations
    69 | D        | Killed an accursed
    70 | D        | Noticed a dread
    71 | D        | Killed an accursed
    72 | D        | Reached skill level 27 in Transmutations
    72 | D        | Reached skill level 27 in Earth Magic
    72 | D        | HP: 4/273 [meat berserker/+9 battleaxe (70)]
    73 | D        | Killed an accursed
    76 | D        | Killed a dread
    76 | D        | Noticed a meat beast
    77 | D        | Reached skill level 27 in Conjurations
    77 | D        | Reached skill level 27 in Summonings
    77 | D        | Reached skill level 27 in Necromancy
    77 | D        | Reached skill level 27 in Translocations
    77 | D        | Reached skill level 27 in Fire Magic
    77 | D        | Reached skill level 27 in Ice Magic
    77 | D        | Reached skill level 27 in Air Magic
    77 | D        | Reached skill level 27 in Poison Magic
    77 | D        | Killed a dread
    78 | D        | Reached skill level 27 in Spellcasting
    78 | D        | Reached skill level 27 in Hexes
    79 | D        | Noticed a meat beast
    80 | D        | Noticed a meat beast
    80 | D        | Noticed a dread
    80 | D        | Killed a meat beast
    80 | D        | Noticed a meat beast
    81 | D        | Noticed a dread
    82 | D        | Killed a meat beast
    82 | D        | Noticed a destroyer
    83 | D        | HP: 10/273 [meat berserker/+9 battleaxe (63)]
    84 | D        | Killed a meat beast
    85 | D        | Mangled by a meat berserker

Illustrated notes

Levels and vault maps discovered:
D:        meatsprint

Skill      XL: |  1  2  3  4  5  6  7  8  9 10 11 12 13 14 15 16 17 18 19 20 21 22 23 24 25 26 27 |
---------------+----------------------------------------------------------------------------------+-----
Fighting       | 21 25 27 | 27.0
Dodging        | 20 23 27 | 27.0
Stealth        | 7 9 11 20 27 | 27.0
Unarmed Combat | 19 23 27 | 27.0
Axes           | 9 19 27 | 27.0
Short Blades   | 7 10 12 14 16 18 20 21 22 27 | 27.0
Long Blades    | 8 10 13 16 17 19 21 22 24 27 | 27.0
Maces & Flails | 8 10 13 16 17 19 21 22 24 27 | 27.0
Polearms       | 8 11 13 16 17 19 21 22 24 27 | 27.0
Staves         | 8 10 13 16 17 19 21 22 24 27 | 27.0
Slings         | 7 10 12 14 16 18 20 21 22 27 | 27.0
Bows           | 7 10 12 14 16 18 20 21 22 27 | 27.0
Crossbows      | 7 10 12 14 16 18 20 21 22 27 | 27.0
Throwing       | 6 9 11 13 15 16 18 19 21 27 | 27.0
Armour         | 8 10 13 16 17 19 21 22 24 27 | 27.0
Shields        | 8 10 13 16 17 19 21 22 24 27 | 27.0
Spellcasting   | 4 6 8 10 11 12 13 14 16 27 | 27.0
Conjurations   | 5 7 9 11 12 13 15 16 17 27 | 27.0
Hexes          | 4 6 8 10 11 12 13 14 16 27 | 27.0
Summonings     | 5 7 9 10 12 13 15 16 17 27 | 27.0
Necromancy     | 5 7 9 10 12 13 15 16 17 27 | 27.0
Translocations | 5 7 9 10 12 13 15 16 17 27 | 27.0
Transmutations | 5 7 10 11 13 14 16 17 18 27 | 27.0
Fire Magic     | 5 7 9 10 12 13 15 16 17 27 | 27.0
Ice Magic      | 5 7 9 11 12 13 15 16 17 27 | 27.0
Air Magic      | 5 7 9 10 12 13 15 16 17 27 | 27.0
Earth Magic    | 5 7 10 11 13 14 16 17 18 27 | 27.0
Poison Magic   | 5 7 9 11 12 13 15 16 17 27 | 27.0
Invocations    | 6 9 11 13 15 16 18 19 21 27 | 27.0
Evocations     | 6 8 11 12 14 15 17 18 19 27 | 27.0

Action                   |  1- 3 |  4- 6 |  7- 9 | 10-12 | 13-15 | 16-18 | 19-21 | 22-24 | 25-27 || total
-------------------------+-------+-------+-------+-------+-------+-------+-------+-------+-------++-------
Melee: Executioner's axe |     1 |       |       |       |     2 |     6 |     7 |    10 |    31 ||    57
 Stab: Distracted        |       |       |       |       |       |       |       |     1 |       ||     1
Armor: Robe              |       |       |       |       |       |       |       |       |     1 ||     1
Dodge: Dodged            |       |       |       |       |     1 |       |     1 |     1 |     8 ||    11
